AoeStats
← Death_Rider

Arena

506327862Analyzed
1v1 RM · 21d ago on Sep 13, 2026· 48m 9s· 2 players
Game mode
Random Map
Map size
Tiny (2 player)
Population
200
Speed
Normal
Resources
Standard
Victory
Conquest
Starting age
Dark Age
Ending age
Imperial Age
RankedLock teamsTeams togetherTeam positionsShared explorationLock speedFull tech treeHidden civsTurbo modeCheats
Victory
Defeat
🇩🇪 Sicilians · Germany
998
+14
963
-14
pisse.sur-GiveUpYouWillDie
10:07 Feudal Age
10:26 Loom
10:35 Loom
14:33 Castle Age
14:21 Fletching
19:45 Horse Collar
21:45 Double-Bit Axe
23:11 Padded Archer Armor
24:44 Ballistics
24:33 Bodkin Arrow
29:44 Bow Saw
30:12 Gold Mining
31:46 Wheelbarrow
32:53 Leather Archer Armor
32:17 Pikeman
34:00 Scale Mail Armor
36:30 Chain Mail Armor
36:27 Forging
36:39 Squires
36:25 Arson
37:23 Yeomen
40:29 Imperial Age
41:03 Iron Casting
40:36 Scale Barding Armor
39:54 Light Cavalry
40:35 Husbandry
41:25 Masonry
42:34 Warwolf
42:47 Bracer
44:14 Halberdier
45:53 Ring Archer Armor
47:21 Halberdier
Death_Rider
9:36 Feudal Age
8:54 Loom
11:13 Double-Bit Axe
11:44 Fletching
13:47 Horse Collar
23:24 Castle Age
21:48 Forging
21:52 Scale Mail Armor
21:48 Gold Mining
23:59 Scale Barding Armor
24:07 Light Cavalry
24:49 Husbandry
28:37 Heavy Plow
28:52 Bow Saw
29:49 Town Watch
31:14 Wheelbarrow
32:35 Gold Shaft Mining
33:13 Town Patrol
36:21 Imperial Age
34:26 Hand Cart
34:12 Stone Mining
34:08 Elite Skirmisher
35:34 Stone Shaft Mining
35:03 Padded Archer Armor
35:18 Bodkin Arrow
37:13 Ballistics
37:30 Bracer
38:45 Leather Archer Armor
39:01 Conscription
39:00 Squires
40:08 Chemistry
39:49 Iron Casting
39:35 Chain Barding Armor
39:31 Chain Mail Armor
40:11 Cavalier
41:02 Bloodlines
41:23 Hauberk
41:56 Hoardings
43:33 Blast Furnace
42:03 Capped Ram
43:06 Siege Ram
45:55 Plate Barding Armor
45:52 Plate Mail Armor
46:47 Elite Serjeant
Connection lost

Rejoining the realm…

Still unreachable

The connection could not be restored.

Session expired

The server has moved on; the page needs a fresh start.